[Event "ICC tourney 2545 (75 10)"]
[Site "Internet Chess Club"]
[Date "2021.05.02"]
[Round "5"]
[White "Pulijala, Akshaj:akshajp"]
[Black "REYES, JOSE:Reyesjojo"]
[Result "0-1"]
[ICCResult "White checkmated"]
[WhiteElo "1487"]
[BlackElo "1523"]
[Opening "Old Benoni defense"]
[ECO "A43"]
[NIC "OI.09"]
[Time "14:31:21"]
[PlyCount "130"]
[TimeControl "4500+10"]

1. d4 c5 2. Nf3 g6 3. e3 Bg7 4. Nc3 cxd4 5. exd4 d5 6. Be3 Nf6 7. Qd2 O-O
8. Bd3 Nc6 9. Bh6 Re8 10. Bxg7 Kxg7 11. O-O Bg4 12. Ne5 Bd7 13. Nxc6 Bxc6
14. f4 Qb6 15. Ne2 Qxb2 16. a4 Qb6 17. Kh1 Qc7 18. a5 a6 19. Qe3 e6 20. Rf3
b6 21. Qe5 Qd8 22. axb6 Qxb6 23. g4 Qb8 24. g5 Qxe5 25. fxe5 Ne4 26. h4 a5
27. Ng3 h6 28. Bxe4 dxe4 29. gxh6+ Kxh6 30. Re3 Red8 31. c3 a4 32. Nxe4
Rdc8 33. Kh2 Bxe4 34. Rxe4 Rxc3 35. d5 exd5 36. Raxa4 Rxa4 37. Rxa4 Re3 38.
Ra7 Kg7 39. Re7 Kf8 40. Rd7 Rxe5 41. Kg3 Ke8 42. Rb7 Re7 43. Rb4 Re4 44.
Rb3 Kd7 45. Rb7+ Ke6 46. Rb6+ Kf5 47. Rb3 d4 48. Rf3+ Ke6 49. Rf2 f5 50.
Rf3 Ke5 51. Kh3 Re3 52. Kg3 f4+ 53. Kf2 Rxf3+ 54. Kxf3 d3 55. Kf2 Ke4 56.
Kf1 Ke3 57. Ke1 d2+ 58. Kd1 f3 59. h5 gxh5 60. Kc2 Ke2 61. Kc3 d1=Q 62. Kb4
f2 63. Ka5 f1=Q 64. Ka6 Qb3 65. Ka7 Qa1# { White checkmated } 0-1

[Event "ICC tourney 2545 (75 10)"]
[Site "Internet Chess Club"]
[Date "2021.05.02"]
[Round "5"]
[White "XIE, CHARLES:charlestxie"]
[Black "LIAO, CONNOR:che2468"]
[Result "1-0"]
[ICCResult "Black resigns"]
[WhiteElo "1427"]
[BlackElo "1423"]
[Opening "QGD Slav defense"]
[ECO "D10"]
[NIC "SL.01"]
[Time "14:31:15"]
[PlyCount "73"]
[TimeControl "4500+10"]

1. d4 d5 2. c4 c6 3. Nc3 Nf6 4. e3 Qc7 5. Nf3 Bf5 6. cxd5 cxd5 7. Bd3 Ne4
8. Bxe4 dxe4 9. Nh4 e6 10. Nxf5 exf5 11. Bd2 g6 12. Rc1 Nc6 13. a3 Bg7 14.
O-O O-O 15. Ne2 Qb6 16. Bc3 Rfd8 17. Qa4 Rd5 18. b4 a5 19. Bd2 Qa6 20. Nc3
b5 21. Qb3 Rdd8 22. Nd5 a4 23. Qa2 Qb7 24. Rxc6 Rd7 25. Rfc1 Rad8 26. Nf4
Bh6 27. Ne2 Bg7 28. Qc2 Be5 29. Rc8 Bb8 30. Rxd8+ Rxd8 31. Qc6 Qe7 32. Qa6
Qd7 33. Rc5 Kg7 34. Rxb5 Qc7 35. Ng3 Qc2 36. Nf1 Qd3 37. Ra5 { Black
resigns } 1-0

[Event "ICC tourney 2545 (75 10)"]
[Site "Internet Chess Club"]
[Date "2021.05.02"]
[Round "5"]
[White "SKARIAH, ANUSHKA ELIZABETH:kskariah"]
[Black "VIDENA, DANIEL TUAPEN:Davide25"]
[Result "0-1"]
[ICCResult "White checkmated"]
[WhiteElo "1424"]
[BlackElo "1528"]
[Opening "Caro-Kann: exchange, Rubinstein variation"]
[ECO "B13"]
[NIC "CK.02"]
[Time "14:31:33"]
[PlyCount "150"]
[TimeControl "4500+10"]

1. e4 c6 2. d4 d5 3. exd5 cxd5 4. Bd3 Nf6 5. c3 Nc6 6. Bf4 e6 7. Nd2 Bd6 8.
Bxd6 Qxd6 9. Ngf3 O-O 10. O-O Bd7 11. Qb3 Rab8 12. Rac1 Rfc8 13. Rfd1 b5
14. Nf1 b4 15. c4 Na5 16. Qc2 Nxc4 17. Qe2 Na5 18. Ne3 Nc6 19. Qe1 a5 20.
Rc5 Be8 21. Rdc1 Nd7 22. R5c2 Rc7 23. Nd2 a4 24. Qf1 Rbb7 25. Nf3 Na5 26.
Bb5 a3 27. bxa3 bxa3 28. Qd3 Rxc2 29. Rxc2 Qb8 30. Bxd7 Rb1+ 31. Nf1 Bxd7
32. Qxa3 Bb5 33. Nd2 Nc4 34. Nxc4 Bxc4 35. Rc1 Rxc1 36. Qxc1 Bxa2 37. Ne3
Qb1 38. Qxb1 Bxb1 39. Kf1 Kf8 40. f3 Ke7 41. Kf2 Kd6 42. f4 f6 43. g4 e5
44. Nf5+ Bxf5 45. gxf5 exd4 46. Ke2 Kc6 47. Kd2 Kb5 48. Kc2 Kc4 49. Kd2 d3
50. Kd1 Kd4 51. Kd2 Ke4 52. h3 d4 53. Kd1 Kxf4 54. Kd2 Kxf5 55. Kxd3 Ke5
56. h4 h5 57. Ke2 Ke4 58. Kd2 f5 59. Ke2 f4 60. Kd2 Kf3 61. Ke1 d3 62. Kd1
Kg2 63. Kd2 f3 64. Kxd3 f2 65. Kd4 f1=Q 66. Kd5 Qe2 67. Kd4 Kf3 68. Kd5
Qe4+ 69. Kc5 Qd3 70. Kb4 Qc2 71. Kb5 Ke4 72. Kb4 Kd4 73. Ka3 Qb1 74. Ka4
Kc4 75. Ka5 Qb5# { White checkmated } 0-1

[Event "ICC tourney 2545 (75 10)"]
[Site "Internet Chess Club"]
[Date "2021.05.02"]
[Round "5"]
[White "ZHU, FLORINA:Florina12345"]
[Black "GUAN , TSZ YEUNG:DanielGuan"]
[Result "1/2-1/2"]
[ICCResult "Game drawn because neither player has mating material"]
[WhiteElo "1470"]
[BlackElo "1298"]
[Opening "Sicilian: Richter-Rauzer, 6...e6"]
[ECO "B62"]
[NIC "SI.27"]
[Time "14:31:08"]
[PlyCount "163"]
[TimeControl "4500+10"]

1. e4 c5 2. Nf3 Nc6 3. d4 cxd4 4. Nxd4 d6 5. Nc3 Nf6 6. Bg5 e6 7. Bc4 Be7
8. Qd2 d5 9. exd5 Nxd5 10. Bxe7 Ndxe7 11. Nxc6 Qxd2+ 12. Kxd2 Nxc6 13. Rad1
Ke7 14. Ke3 Bd7 15. Rd2 Ne5 16. Bb3 a5 17. a4 Bc6 18. f3 Nd7 19. Bc4 Nb6
20. b3 Nxc4+ 21. bxc4 Rhc8 22. Nb5 Bxb5 23. cxb5 Rc3+ 24. Kf2 Rac8 25. Kg3
Rxc2 26. Rd4 R2c4 27. Rhd1 Rxd4 28. Rxd4 Rc7 29. h4 Rd7 30. Rc4 Kd6 31. b6
h5 32. Kf4 g6 33. g4 f6 34. Kg3 Rg7 35. f4 e5 36. g5 exf4+ 37. Kxf4 f5 38.
Rc3 Re7 39. Rc4 Kd5 40. Rc7 Re6 41. Rxb7 Kc6 42. Rb8 Re4+ 43. Kg3 Re6 44.
b7 Kc7 45. Ra8 Kxb7 46. Rxa5 Re3+ 47. Kf2 Re6 48. Rb5+ Rb6 49. Rxb6+ Kxb6
50. Ke3 Ka5 51. Kd4 Kxa4 52. Ke5 Kb4 53. Kf6 f4 54. Kxg6 f3 55. Kh7 f2 56.
g6 f1=Q 57. g7 Qf5+ 58. Kh8 Qf6 59. Kh7 Qf7 60. Kh8 Qf6 61. Kh7 Qe7 62. Kh8
Qxh4 63. g8=Q Qf6+ 64. Kh7 Qf5+ 65. Kh6 h4 66. Qb8+ Kc3 67. Qc7+ Kb3 68.
Qb6+ Kc4 69. Qc7+ Qc5 70. Qf4+ Qd4 71. Qf7+ Kd3 72. Qf1+ Ke4 73. Kg5 Qd8+
74. Kg4 Qg8+ 75. Kxh4 Qh7+ 76. Kg3 Qg6+ 77. Kh2 Qh5+ 78. Kg1 Qc5+ 79. Qf2
Qc1+ 80. Kg2 Qg5+ 81. Qg3 Qxg3+ 82. Kxg3 { Game drawn because neither
player has mating material } 1/2-1/2

[Event "ICC tourney 2545 (75 10)"]
[Site "Internet Chess Club"]
[Date "2021.05.02"]
[Round "5"]
[White "WAKIDA, KEN:Yamato1945"]
[Black "Chang, Linda:BairnOwl"]
[Result "1-0"]
[ICCResult "Black resigns"]
[WhiteElo "1419"]
[BlackElo "1317"]
[Opening "Dutch: Staunton gambit, Staunton's line"]
[ECO "A83"]
[NIC "HD.11"]
[Time "14:31:12"]
[PlyCount "125"]
[TimeControl "4500+10"]

1. d4 f5 2. e4 fxe4 3. Nc3 Nf6 4. Bg5 d5 5. Bxf6 exf6 6. Qh5+ g6 7. Qxd5
Qe7 8. Qxe4 Bf5 9. Qxe7+ Bxe7 10. O-O-O Nc6 11. Re1 O-O-O 12. d5 Ne5 13. f4
Ng4 14. h3 Nf2 15. Rh2 Bc5 16. g4 Bd7 17. Nf3 Rhe8 18. Rxe8 Rxe8 19. Nd1
Ne4 20. Bd3 c6 21. dxc6 Bxc6 22. Re2 Bd6 23. f5 Bf4+ 24. Kb1 gxf5 25. gxf5
Kd8 26. Nd4 Ng5 27. h4 Bf3 28. Rxe8+ Kxe8 29. Be2 Bxe2 30. Nxe2 Nh3 31.
Nxf4 Nxf4 32. Ne3 Kf7 33. Kc1 Kg7 34. Kd2 Kh6 35. Ng4+ Kg7 36. Ne3 Kh6 37.
c4 Kh5 38. Nd5 Kxh4 39. Nxf4 Kg4 40. Ke3 Kxf5 41. c5 Kg4 42. b4 h5 43. Nxh5
Kxh5 44. Kf4 Kg6 45. b5 Kf7 46. Kf5 Ke7 47. a4 Kd7 48. Kxf6 a6 49. Ke5 Kc7
50. Kd5 b6 51. c6 axb5 52. axb5 Kc8 53. Kd6 Kd8 54. c7+ Kc8 55. Ke6 Kxc7
56. Ke7 Kc8 57. Kd6 Kb8 58. Kc6 Ka7 59. Kc7 Ka8 60. Kxb6 Kb8 61. Kc6 Kc8
62. b6 Kb8 63. b7 { Black resigns } 1-0

[Event "ICC tourney 2545 (75 10)"]
[Site "Internet Chess Club"]
[Date "2021.05.02"]
[Round "5"]
[White "CLOETE, JACK:kinpin007"]
[Black "ZHUGE, KATHERINE:FlowingMelody"]
[Result "1-0"]
[ICCResult "Black resigns"]
[WhiteElo "1525"]
[BlackElo "1465"]
[Opening "QGD: Tartakower (Makagonov-Bondarevsky) system"]
[ECO "D58"]
[NIC "QO.10"]
[Time "14:31:37"]
[PlyCount "131"]
[TimeControl "4500+10"]

1. d4 d5 2. c4 e6 3. Nf3 Be7 4. Nc3 Nf6 5. Bg5 h6 6. Bh4 O-O 7. e3 b6 8.
cxd5 exd5 9. Bd3 Ba6 10. O-O Bxd3 11. Qxd3 c6 12. Rac1 Ne4 13. Bxe7 Qxe7
14. Ne5 Nf6 15. Rc2 Nfd7 16. Nf3 Nf6 17. Rfc1 Qe6 18. Ne2 Qe4 19. Qxe4 Nxe4
20. Ne5 c5 21. f3 Nf6 22. dxc5 bxc5 23. Rxc5 Re8 24. Rc8 Nbd7 25. Rxa8 Rxa8
26. Nxd7 Nxd7 27. Rc7 Nf6 28. Nc3 Rb8 29. b3 Re8 30. Kf2 a6 31. Ke2 d4 32.
Nd1 dxe3 33. Ra7 Nd5 34. g3 Re6 35. Rd7 Nb4 36. a3 Nc2 37. a4 Rb6 38. Rd3
Na1 39. Kxe3 Nxb3 40. Nc3 Nc5 41. Rd5 Re6+ 42. Kd4 Nb7 43. Ne4 Kf8 44. Nc5
Nxc5 45. Rxc5 Ke7 46. Rc7+ Kf6 47. Kc5 Kg6 48. Rc6 Kf5 49. Rxe6 fxe6 50.
Kb6 h5 51. Kxa6 h4 52. Kb6 e5 53. a5 g5 54. a6 g4 55. fxg4+ Kxg4 56. gxh4
Kxh4 57. a7 Kg4 58. a8=Q Kf4 59. Qg2 e4 60. h4 Ke3 61. h5 Kd3 62. h6 e3 63.
h7 e2 64. Qf3+ Kd2 65. Qxe2+ Kxe2 66. h8=Q { Black resigns } 1-0

[Event "ICC tourney 2545 (75 10)"]
[Site "Internet Chess Club"]
[Date "2021.05.02"]
[Round "5"]
[White "GARCIA, CARLOS:cayo89"]
[Black "SPERBER, JACOB:jacobsperber"]
[Result "0-1"]
[ICCResult "White resigns"]
[WhiteElo "1517"]
[BlackElo "1445"]
[Opening "Queen's pawn: London system"]
[ECO "A45"]
[NIC "QP.07"]
[Time "14:32:04"]
[PlyCount "148"]
[TimeControl "4500+10"]

1. d4 Nf6 2. Bf4 g6 3. e3 Bg7 4. c4 O-O 5. Be2 c5 6. Nc3 cxd4 7. exd4 d5 8.
c5 Nc6 9. Nf3 Nh5 10. Be3 Bf6 11. Qd2 b6 12. cxb6 axb6 13. O-O Bg4 14. h3
Bxf3 15. Bxf3 e6 16. g4 Ng7 17. Bg2 Qd7 18. Rfd1 Rfc8 19. Qe2 Ne8 20. Nb5
Nd6 21. Nxd6 Qxd6 22. Qd2 Ra4 23. b3 Ra7 24. Rac1 Rca8 25. a4 Qd7 26. Bf1
Nb8 27. Bb5 Qd8 28. Rc2 Na6 29. Rdc1 Be7 30. Bxa6 Rxa6 31. Rc6 g5 32. Qd3
Ra5 33. Bd2 R5a7 34. Qb5 Rb8 35. Kf1 Bd6 36. Ke2 Kf8 37. R1c2 Rc7 38. Rxc7
Bxc7 39. Bxg5 Qxg5 40. Rxc7 Qf4 41. Rc3 Qxd4 42. Qd3 Qxd3+ 43. Kxd3 Rb7 44.
f4 Ke7 45. Kd4 Kd6 46. h4 f6 47. Re3 Re7 48. g5 e5+ 49. fxe5+ fxe5+ 50. Kd3
Rc7 51. Rg3 d4 52. Ke4 Rc1 53. g6 Re1+ 54. Kd3 hxg6 55. Rxg6+ Kc5 56. h5
Re3+ 57. Kd2 Rh3 58. Rg5 Kd6 59. Rg6+ Kd5 60. Rxb6 Rxh5 61. a5 Rh2+ 62. Kd1
Ke4 63. a6 Kd3 64. Kc1 Ra2 65. Re6 e4 66. b4 e3 67. b5 e2 68. Kb1 Ra3 69.
Kb2 Ra5 70. b6 Rxa6 71. b7 Rxe6 72. b8=Q e1=Q 73. Qb5+ Ke4 74. Qb7+ Ke3 {
White resigns } 0-1

[Event "ICC tourney 2545 (75 10)"]
[Site "Internet Chess Club"]
[Date "2021.05.02"]
[Round "6"]
[White "LIAO, CONNOR:che2468"]
[Black "ATLURI, PRATHIK:ChessStar22"]
[Result "0-1"]
[ICCResult "White checkmated"]
[WhiteElo "1423"]
[BlackElo "1403"]
[Opening "Queen's pawn"]
[ECO "A40"]
[NIC "QO.17"]
[Time "18:01:47"]
[PlyCount "98"]
[TimeControl "4500+10"]

1. d4 c6 2. Nc3 d5 3. Bf4 Nf6 4. e3 Bg4 5. f3 Bf5 6. g4 Bg6 7. h4 h6 8. Bd3
Bxd3 9. Qxd3 e6 10. Nge2 Bd6 11. O-O-O Bxf4 12. Nxf4 Nbd7 13. e4 dxe4 14.
Nxe4 Qc7 15. Ne2 O-O-O 16. Qa3 Nxe4 17. fxe4 Kb8 18. Rd3 Nf6 19. e5 Nxg4
20. Rb3 Rhe8 21. Rd1 Rd5 22. Nc3 Ra5 23. Qb4 Ne3 24. Rd3 Nd5 25. Nxd5 Rxd5
26. Rg3 Rb5 27. Qd6 Rxb3 28. axb3 g6 29. Qxc7+ Kxc7 30. c3 Rg8 31. Kd2 Kd7
32. Ke3 g5 33. hxg5 Rxg5 34. Rg4 Rxg4 35. Kf3 h5 36. b4 b5 37. b3 a6 38.
Kf2 h4 39. Kf3 Rg3+ 40. Kf2 Rxc3 41. Kg2 Rxb3 42. Kh2 Rxb4 43. Kh3 Rxd4 44.
Kh2 b4 45. Kg2 b3 46. Kh3 b2 47. Kh2 b1=Q 48. Kh3 Qf1+ 49. Kh2 Rd2# { White
checkmated } 0-1

[Event "ICC tourney 2545 (75 10)"]
[Site "Internet Chess Club"]
[Date "2021.05.02"]
[Round "6"]
[White "Lin, James:MeLikeGame"]
[Black "LIU, BO:Supersky"]
[Result "0-1"]
[ICCResult "White checkmated"]
[WhiteElo "1375"]
[BlackElo "1322"]
[Opening "Sicilian: closed"]
[ECO "B23"]
[NIC "SI.44"]
[Time "18:01:15"]
[PlyCount "90"]
[TimeControl "4500+10"]

1. e4 c5 2. Nc3 e6 3. f4 a6 4. a4 g6 5. Nf3 Bg7 6. Bc4 Ne7 7. d3 O-O 8. O-O
Nbc6 9. Bd2 Nd4 10. Rc1 b6 11. Qe1 Bb7 12. f5 Re8 13. Qh4 Nxf3+ 14. Rxf3
exf5 15. Bh6 d5 16. Bxg7 Kxg7 17. exd5 Nxd5 18. Qxd8 Raxd8 19. Nxd5 Bxd5
20. Bxd5 Rxd5 21. Kf2 Rde5 22. Rf1 Re2+ 23. Kg3 Rxc2 24. R3f2 Rxf2 25. Rxf2
Re3+ 26. Rf3 Rxf3+ 27. Kxf3 Kf6 28. Kf4 Ke6 29. Kg5 Kd5 30. Kh6 b5 31. axb5
axb5 32. Kxh7 f4 33. Kg7 Ke6 34. Kh6 Kf5 35. Kg7 f6 36. Kf7 g5 37. Kg7 g4
38. Kf7 Ke5 39. Kg6 f5 40. Kg5 f3 41. gxf3 gxf3 42. h4 f2 43. h5 f1=Q 44.
h6 Qg1+ 45. Kh5 Qg4# { White checkmated } 0-1

[Event "ICC tourney 2545 (75 10)"]
[Site "Internet Chess Club"]
[Date "2021.05.02"]
[Round "6"]
[White "REMPE, LENNIK:Kokosnuss1000"]
[Black "GIRISH, NIYATHI:missqueen"]
[Result "0-1"]
[ICCResult "White checkmated"]
[WhiteElo "1081"]
[BlackElo "1408"]
[Opening "Four knights: symmetrical, Metger unpin"]
[ECO "C49"]
[NIC "KP.03"]
[Time "18:01:42"]
[PlyCount "114"]
[TimeControl "4500+10"]

1. e4 e5 2. Nf3 Nc6 3. Nc3 Nf6 4. Bb5 Bb4 5. d3 d6 6. O-O O-O 7. Bg5 Bxc3
8. bxc3 Qe7 9. Bxc6 bxc6 10. Re1 Rb8 11. d4 h6 12. Bh4 Bg4 13. Qd3 Rb2 14.
Qa6 Rxc2 15. Qxc6 g5 16. Bg3 Bxf3 17. gxf3 exd4 18. Rec1 Rd2 19. cxd4 Rxd4
20. Qxc7 Qxc7 21. Rxc7 Ra8 22. Rc6 Ne8 23. Rac1 Kf8 24. Rb1 Rd2 25. Rb7 a5
26. Rd7 a4 27. Bxd6+ Nxd6 28. Rdxd6 Rxa2 29. Ra6 Rxa6 30. Rxa6 Ra1+ 31. Kg2
Ke7 32. Kg3 a3 33. Kg4 a2 34. Kh5 Rh1 35. Kxh6 a1=Q 36. Rxa1 Rxa1 37. Kxg5
Ra2 38. h4 Rxf2 39. f4 Rh2 40. h5 Ke6 41. h6 Rh3 42. f5+ Ke5 43. f6 Kxe4
44. h7 Rxh7 45. Kg4 Ke5 46. Kg5 Rh8 47. Kg4 Kxf6 48. Kg3 Rh5 49. Kg4 Rf5
50. Kg3 Kg5 51. Kh3 Rf4 52. Kh2 Rf3 53. Kg2 Kg4 54. Kh2 Rg3 55. Kh1 Kf3 56.
Kh2 Kf2 57. Kh1 Rh3# { White checkmated } 0-1

[Event "ICC tourney 2545 (75 10)"]
[Site "Internet Chess Club"]
[Date "2021.05.02"]
[Round "6"]
[White "WANG, YUANZHE:yogokings12"]
[Black "SAXENA, VIHAAN:vihaan2011"]
[Result "1/2-1/2"]
[ICCResult "Game drawn by mutual agreement"]
[WhiteElo "1577"]
[BlackElo "1349"]
[Opening "KGA: bishop's gambit"]
[ECO "C33"]
[NIC "KG.03"]
[Time "18:01:17"]
[PlyCount "92"]
[TimeControl "4500+10"]

1. e4 e5 2. f4 exf4 3. Bc4 Qh4+ 4. Kf1 b6 5. Nf3 Qf6 6. d4 Bb7 7. Nc3 Bb4
8. e5 Qf5 9. Bd3 Ba6 10. Nd5 Bd6 11. Nxf4 Bxd3+ 12. Qxd3 Qxd3+ 13. Nxd3 Be7
14. Bf4 Nc6 15. c3 O-O-O 16. Kf2 Na5 17. b3 Nb7 18. a4 Kb8 19. b4 a6 20. a5
b5 21. Nc5 Bxc5 22. dxc5 h6 23. h4 Ne7 24. Rad1 Ng6 25. Bg3 Rhe8 26. h5 Ne7
27. Rhe1 Nf5 28. Bf4 Kc8 29. g4 Ne7 30. Kg3 c6 31. Rd3 Nd5 32. Bd2 Re7 33.
Rd4 Rde8 34. c4 bxc4 35. Rxc4 Nc7 36. g5 hxg5 37. Bxg5 Re6 38. Rce4 f6 39.
exf6 Rxe4 40. Rxe4 Rxe4 41. fxg7 Re8 42. h6 Ne6 43. Bf6 Nbd8 44. Ne5 Nxg7
45. Bxg7 Ne6 46. Bf6 Nf8 { Game drawn by mutual agreement } 1/2-1/2

[Event "ICC tourney 2545 (75 10)"]
[Site "Internet Chess Club"]
[Date "2021.05.02"]
[Round "6"]
[White "SULTAN, BASHIR Cisse:muzikmixer"]
[Black "GARCIA, CARLOS:cayo89"]
[Result "1-0"]
[ICCResult "Black resigns"]
[WhiteElo "1511"]
[BlackElo "1517"]
[Opening "English opening"]
[ECO "A10"]
[NIC "EO.22"]
[Time "18:02:10"]
[PlyCount "147"]
[TimeControl "4500+10"]

1. c4 d6 2. Nc3 e5 3. d4 Nd7 4. d5 Ngf6 5. e4 Nc5 6. Qc2 a5 7. b3 Be7 8.
Nf3 O-O 9. Bd3 Nxd3+ 10. Qxd3 Ne8 11. O-O f5 12. exf5 Bxf5 13. Ne4 Qd7 14.
Nfd2 Nf6 15. f3 c6 16. Nxf6+ Rxf6 17. Ne4 Rg6 18. Kh1 h5 19. Bb2 h4 20. c5
Re8 21. Rad1 cxd5 22. Qxd5+ Be6 23. Qd2 d5 24. Qxa5 Bd8 25. Qb4 Bf6 26.
Nxf6+ gxf6 27. Qxh4 Kg7 28. f4 Rh8 29. Qf2 Rgh6 30. Kg1 Rxh2 31. Qg3+ Kf7
32. fxe5 Rh1+ 33. Kf2 Rxf1+ 34. Rxf1 f5 35. Qg5 Rg8 36. Qf6+ Ke8 37. Bd4
Rf8 38. Qh6 Rf7 39. Rh1 Ke7 40. Qg5+ Ke8 41. Rh8+ Rf8 42. Qf6 Qf7 43. Rxf8+
Kxf8 44. Qxf7+ Kxf7 45. Ke3 Ke7 46. Kf4 Kd7 47. Kg5 Ke7 48. b4 Bd7 49. Kf4
Ke6 50. g3 Bb5 51. Ke3 Bc4 52. a3 Bb5 53. Kd2 Kf7 54. Kc3 Ba4 55. b5 Bxb5
56. Kb4 Bc6 57. Ka5 Ke6 58. Kb6 Kd7 59. a4 Bxa4 60. Kxb7 Bc6+ 61. Kb6 Ba4
62. c6+ Bxc6 63. e6+ Kxe6 64. Kxc6 f4 65. gxf4 Kf5 66. Be3 d4 67. Bd2 Ke4
68. Bc1 d3 69. Kd6 Kf5 70. Kd5 Kf6 71. Ke4 d2 72. Bxd2 Ke6 73. Bc3 Kf7 74.
Kf5 { Black resigns } 1-0

[Event "ICC tourney 2545 (75 10)"]
[Site "Internet Chess Club"]
[Date "2021.05.02"]
[Round "6"]
[White "REYES, JOSE:Reyesjojo"]
[Black "WAKIDA, KEN:Yamato1945"]
[Result "1-0"]
[ICCResult "Black resigns"]
[WhiteElo "1523"]
[BlackElo "1419"]
[Opening "QGD: Tarrasch defense, 4.cd ed"]
[ECO "D32"]
[NIC "QP.08"]
[Time "18:01:18"]
[PlyCount "55"]
[TimeControl "4500+10"]

1. d4 d5 2. c4 e6 3. cxd5 exd5 4. Nc3 c5 5. Bf4 Nc6 6. e3 Nf6 7. Nf3 Bg4 8.
Be2 Be7 9. a3 cxd4 10. Nxd4 Bxe2 11. Ncxe2 O-O 12. O-O a6 13. b4 Nxd4 14.
Nxd4 Qd7 15. Qb3 Ne4 16. Rad1 Rfd8 17. Rd3 Bf6 18. Rfd1 Bxd4 19. Rxd4 Rac8
20. f3 Nc3 21. R1d2 Qb5 22. R4d3 d4 23. exd4 Qe8 24. Re3 Qc6 25. Rc2 Qf6
26. Be5 Qg5 27. Rexc3 Qh4 28. g3 { Black resigns } 1-0

[Event "ICC tourney 2545 (75 10)"]
[Site "Internet Chess Club"]
[Date "2021.05.02"]
[Round "6"]
[White "STONE, GILBERT L:tightfist"]
[Black "KRYLOV, RATISLAV:RatislavK"]
[Result "1-0"]
[ICCResult "Black checkmated"]
[WhiteElo "1396"]
[BlackElo "1493"]
[Opening "English opening"]
[ECO "A05"]
[NIC "QP.11"]
[Time "18:02:10"]
[PlyCount "67"]
[TimeControl "4500+10"]

1. Nf3 Nf6 2. c4 c6 3. Nc3 d5 4. e3 dxc4 5. Bxc4 b5 6. Bb3 a6 7. d4 e6 8.
a3 Bb7 9. O-O Nbd7 10. Qe2 c5 11. dxc5 Nxc5 12. Bc2 Nce4 13. Rd1 Qc7 14.
Nxe4 Nxe4 15. Bxe4 Bxe4 16. Nd4 Bd6 17. Qh5 O-O 18. b4 Qc3 19. Bd2 Qc7 20.
Rac1 Qb7 21. f3 Bd5 22. Rc3 Rac8 23. Rdc1 Rxc3 24. Rxc3 Rc8 25. e4 Rxc3 26.
Bxc3 Bc4 27. Qh4 Qb6 28. Kh1 Be5 29. Qf2 Qd8 30. f4 Qf6 31. g3 Bc7 32. Ne2
Qd8 33. Qd4 Bxe2 34. Qxg7# { Black checkmated } 1-0

[Event "ICC tourney 2545 (75 10)"]
[Site "Internet Chess Club"]
[Date "2021.05.02"]
[Round "6"]
[White "SHANKAR, ADITH:Queen4aKing"]
[Black "Goldblatt, Steven:SGOLD9367"]
[Result "1-0"]
[ICCResult "Black resigns"]
[WhiteElo "1474"]
[BlackElo "1341"]
[Opening "French: advance, Milner-Barry gambit"]
[ECO "C02"]
[NIC "FR.03"]
[Time "18:01:18"]
[PlyCount "71"]
[TimeControl "4500+10"]

1. e4 e6 2. d4 d5 3. e5 c5 4. c3 Nc6 5. Nf3 Qb6 6. Bd3 cxd4 7. cxd4 Bb4+ 8.
Nc3 Nge7 9. O-O O-O 10. Bxh7+ Kh8 11. Bd3 Bxc3 12. bxc3 Nf5 13. Bxf5 exf5
14. Ng5 g6 15. Ba3 Rg8 16. Qf3 Kg7 17. Qxd5 Qc7 18. f4 Rd8 19. Bd6 Qd7 20.
Rf3 Rh8 21. Re1 Nd8 22. e6 fxe6 23. Be5+ Kg8 24. Qxd7 Bxd7 25. Bxh8 Kxh8
26. Rh3+ Kg8 27. Rh6 Rc8 28. Rxg6+ Kf8 29. Re3 Rc6 30. Nf3 Be8 31. Rg3 Ra6
32. Re2 Bb5 33. Rb2 Bc4 34. Ne5 Bd5 35. c4 Be4 36. Nd7+ { Black resigns }
1-0

[Event "ICC tourney 2545 (75 10)"]
[Site "Internet Chess Club"]
[Date "2021.05.02"]
[Round "6"]
[White "Chang, Linda:BairnOwl"]
[Black "Dungi, Santosh:santoshroopak"]
[Result "0-1"]
[ICCResult "White resigns"]
[WhiteElo "1317"]
[BlackElo "1559"]
[Opening "Giuoco Piano"]
[ECO "C53"]
[NIC "IG.02"]
[Time "18:01:17"]
[PlyCount "72"]
[TimeControl "4500+10"]

1. e4 e5 2. Nf3 Nc6 3. Bc4 Bc5 4. c3 Qf6 5. O-O Nge7 6. d3 d6 7. Bg5 Qg6 8.
Kh1 h6 9. Be3 Bb6 10. Nbd2 Qh5 11. d4 Bg4 12. d5 Nd8 13. Qa4+ Bd7 14. Qb3
O-O 15. Be2 f5 16. Rfe1 fxe4 17. Nxe5 Qxe5 18. Nc4 Qxd5 19. Rad1 Qf7 20.
Qb4 Ndc6 21. Qb5 a6 22. Qa4 Bxe3 23. Nxe3 Qxf2 24. Qc4+ Kh8 25. Qxe4 Qf4
26. Qd3 Ne5 27. Qd2 Bc6 28. Rf1 Qe4 29. Rg1 Rf2 30. Rdf1 Raf8 31. Bf3 R8xf3
32. Rxf2 Rxe3 33. Rf8+ Kh7 34. Qf2 Re2 35. Qg3 Nf5 36. Qh3 Ng4 { White
resigns } 0-1

[Event "ICC tourney 2545 (75 10)"]
[Site "Internet Chess Club"]
[Date "2021.05.02"]
[Round "6"]
[White "ZHU, FLORINA:Florina12345"]
[Black "XIE, CHARLES:charlestxie"]
[Result "1/2-1/2"]
[ICCResult "Game drawn by mutual agreement"]
[WhiteElo "1470"]
[BlackElo "1427"]
[Opening "French: Winawer, advance, 6...Ne7"]
[ECO "C18"]
[NIC "FR.11"]
[Time "18:01:19"]
[PlyCount "64"]
[TimeControl "4500+10"]

1. e4 e6 2. d4 d5 3. Nc3 Bb4 4. e5 c5 5. a3 Bxc3+ 6. bxc3 Ne7 7. f4 Qc7 8.
Bb2 Qa5 9. Nf3 Nbc6 10. Be2 Nf5 11. Qd2 Bd7 12. Rd1 c4 13. O-O O-O-O 14. g4
Nfe7 15. Nh4 Ng6 16. Qe1 Qa4 17. Rd2 Nce7 18. Ng2 Nc6 19. f5 Nge7 20. Ne3
Rdf8 21. f6 gxf6 22. Rxf6 Nd8 23. g5 Rfg8 24. Qh4 Rg6 25. Bh5 Rxf6 26. exf6
Ng6 27. Bxg6 fxg6 28. Rf2 Nf7 29. Qf4 Qc6 30. Ng4 Qc7 31. Ne5 Be8 32. h4
Nxe5 { Game drawn by mutual agreement } 1/2-1/2

[Event "ICC tourney 2545 (75 10)"]
[Site "Internet Chess Club"]
[Date "2021.05.02"]
[Round "6"]
[White "GUAN , TSZ YEUNG:DanielGuan"]
[Black "Pulijala, Akshaj:akshajp"]
[Result "0-1"]
[ICCResult "White resigns"]
[WhiteElo "1298"]
[BlackElo "1487"]
[Opening "King's Indian: Andersson variation"]
[ECO "E92"]
[NIC "KI.18"]
[Time "18:01:17"]
[PlyCount "60"]
[TimeControl "4500+10"]

1. d4 Nf6 2. c4 g6 3. Nc3 Bg7 4. e4 d6 5. Nf3 O-O 6. Be2 e5 7. dxe5 dxe5 8.
Qxd8 Rxd8 9. Bg5 Re8 10. O-O c6 11. Rad1 Be6 12. Nxe5 Nxe4 13. Nxe4 Bxe5
14. Bf6 Bf5 15. Bxe5 Bxe4 16. Bf6 Bf5 17. Bf3 Nd7 18. Bd4 Ne5 19. Be2 Nd7
20. Bd3 Bxd3 21. Rxd3 Ne5 22. Rb3 b6 23. c5 b5 24. Ra1 a5 25. h3 Rad8 26.
Be3 Nc4 27. Rb1 Nxe3 28. fxe3 Re5 29. Rc1 Rd2 30. Kf1 Rf5+ { White resigns
} 0-1

[Event "ICC tourney 2545 (75 10)"]
[Site "Internet Chess Club"]
[Date "2021.05.02"]
[Round "6"]
[White "DUVAL, GEORGE:Gduval"]
[Black "ZHUGE, KATHERINE:FlowingMelody"]
[Result "0-1"]
[ICCResult "White resigns"]
[WhiteElo "1451"]
[BlackElo "1465"]
[Opening "QGD: Charousek (Petrosian) variation"]
[ECO "D31"]
[NIC "QP.08"]
[Time "18:01:30"]
[PlyCount "96"]
[TimeControl "4500+10"]

1. d4 d5 2. c4 e6 3. Nc3 Be7 4. cxd5 exd5 5. Nf3 Nf6 6. Bg5 h6 7. Bf4 c6 8.
Qc2 Bd6 9. Bxd6 Qxd6 10. e3 O-O 11. Bd3 Re8 12. h3 Nbd7 13. O-O Nb6 14. Ne5
Nbd7 15. f4 Qe7 16. Rf3 c5 17. b3 b6 18. Nb5 Nb8 19. Nxf7 Qxf7 20. Nd6 Qe7
21. Nxe8 Nxe8 22. Bh7+ Kh8 23. Raf1 Nf6 24. Bf5 Bxf5 25. Qxf5 Nbd7 26. g4
Qe4 27. dxc5 Qxf5 28. gxf5 bxc5 29. Rd1 a5 30. Rff1 a4 31. Rd3 axb3 32.
axb3 Ra3 33. Rfd1 Nb6 34. Kf1 c4 35. bxc4 Rxd3 36. Rxd3 Nxc4 37. Ke2 Nd6
38. Kf3 Nxf5 39. Ra3 Kg8 40. Ra7 Kf8 41. Ra4 Ke7 42. e4 dxe4+ 43. Rxe4+
Nxe4 44. Kxe4 Kf6 45. Kf3 h5 46. Ke4 Nh4 47. Ke3 Kf5 48. Kf2 Kxf4 { White
resigns } 0-1